 Dungeon Crawl Stone Soup version 0.31-a0-867-g9b2fd80f0c (webtiles) character file.

Game seed: 14744768686595279981

3914 BinkBink the Cleaver (level 10, -11/136 HPs)
             Began as a Minotaur Monk on Oct 11, 2023.
             Was a Priest of Trog.
             Mangled by a sun demon (17 damage)
             ... summoned by a kobold demonologist
             ... on level 9 of the Dungeon.
             The game lasted 00:12:18 (9450 turns).

BinkBink the Cleaver (Minotaur Monk)                Turns: 9450, Time: 00:12:19

Health: -11/136    AC: -17   Str: 20    XL:     10   Next: 1%
Magic:  9/9        EV: 15    Int:  7    God:    Trog [***...]
Gold:   443        SH:  0    Dex: 13    Spells: 9/9 levels left

rFire   . . .        F - +2 battleaxe (heavy)
rCold   . . .        (shield currently unavailable)
rNeg    . . .        b - +0 robe
rPois   .            (helmet restricted)
rElec   .            (no cloak)
rCorr   +            (no gloves)
SInv    +            w - +0 pair of boots
Will    ++...        C - amulet of regeneration Stlth
                     o - ring of resist corrosion
HPRegen 2.22/turn    x - ring of see invisible
MPRegen 0.11/turn

%: no passive effects
@: berserking, strong-willed, corroded, regenerating, very quick
A: horns 2, retaliatory headbutt
a: Renounce Religion, Berserk, Trog's Hand


You were on level 9 of the Dungeon.
You worshipped Trog.
Trog was most pleased with you.
You visited 2 branches of the dungeon, and saw 10 of its levels.

You collected 573 gold pieces.
You spent 130 gold pieces at shops.

Inventory:

Hand Weapons
 F - a +2 heavy battleaxe (weapon)
Armour
 b - a +0 robe (worn)
 w - a +0 pair of boots (worn)
Jewellery
 o - a ring of resist corrosion (left hand)
 u - a ring of poison resistance
 x - a ring of see invisible (right hand)
 z - an amulet of reflection
 C - an amulet of regeneration (around neck)
Wands
 f - a wand of flame (8)
 D - a wand of roots (9)
Scrolls
 a - a scroll of torment
 d - a scroll of fog {unknown}
 i - a scroll of enchant armour {unknown}
 j - 3 scrolls of immolation
 n - a scroll of identify
 q - 3 scrolls of vulnerability
 r - 4 scrolls of amnesia
 s - 4 scrolls of teleportation
Potions
 c - 2 potions of ambrosia
 e - a potion of resistance {unknown}
 g - 3 potions of lignification {unknown}
 k - 5 potions of degeneration {unknown}
 l - 3 potions of attraction {unknown}
 m - 2 potions of mutation {unknown}
 p - a potion of enlightenment {unknown}
 v - 4 potions of cancellation {unknown}
 B - a potion of brilliance {unknown}


   Skills:
 + Level 9.4 Fighting
 * Level 12.6 Axes
 + Level 8.6 Dodging


You had 9 spell levels left.
You didn't know any spells.
Your spell library contained the following spells:

 Spells                   Type           Power      Damage    Failure   Level
 Foxfire                  Conj/Fire      0%         2x1d4     43%         1
 Plasma Beam              Fire/Air       0%         2x1d10    100%        6
 Starburst                Conj/Fire      0%         6d3       100%        6


Dungeon Overview and Level Annotations

Branches:
Dungeon (9/15)             Temple (1/1) D:5
   Lair: D:8-11         Orc: D:9-12

Altars:
Cheibriados
Dithmenos
Elyvilon
Fedhas
Gozag
Hepliaklqana
Kikubaaqudgha
Makhleb
Nemelex Xobeh
Okawaru
Sif Muna
Trog
Uskayaw
Vehumet
Wu Jian
Xom
Yredelemnul
Zin
The Shining One

Shops:
D:5 !   D:6 :


Innate Abilities, Weirdness & Mutations

You have a pair of horns on your head.
You reflexively headbutt those who attack you in melee.


Message History

The kobold demonologist is moderately wounded.
The kobold demonologist hits you with a +0 dagger.
The kobold demonologist mumbles some strange words.
The kobold demonologist looks braver for a moment.
Unknown command.
You miss the kobold demonologist.
The kobold demonologist is moderately wounded.
The kobold demonologist mumbles some strange words.
Unknown command.
You barely miss the kobold demonologist.
The kobold demonologist is moderately wounded.
You slash the white imp!
You kill the white imp!
The white imp disappears in a puff of smoke!
The kobold demonologist casts a spell.
The kobold demonologist completely misses you.
You barely miss the kobold demonologist.
You headbutt the kobold demonologist.
The kobold demonologist is heavily wounded.
You slice the shadow imp!!
You kill the shadow imp!
The shadow imp disappears in a puff of smoke!
The kobold demonologist barely misses you.
You hit the kobold demonologist but do no damage.
You headbutt the kobold demonologist, but do no damage.
The kobold demonologist is heavily wounded.
The kobold demonologist hits you with a +0 dagger.
Unknown command.
You closely miss the sun demon. Your headbutt misses the sun demon.
The sun demon hits you!!
You are engulfed in flames!
* * * LOW HITPOINT WARNING * * *
Okay, then.
Your skin crawls.
You feel strong-willed. The sun demon barely misses you.
A red film seems to cover your vision as you go berserk!
You feel yourself moving faster!
You feel mighty! The sun demon hits you!!
* * * LOW HITPOINT WARNING * * *
You are engulfed in flames!
You die...

......# #.# .....# #.#
#.######## #..5K###.#
#......... 5K55#...#
#......... KKz#...#
#......... KK#...#
#......... #3#...#
#......... .
#@#...###.........
#'######.##..............
#........##.....#........
.##....###.)...##.......
+....'.)#)#######.####
#....##.#.#######.####
#######...............
..#####.....#######.####
..K..K'.....# ...#


You could see a sun demon (summoned), 2 kobold demonologists, 2 kobold brigands,
an iron imp (summoned), a wight, a quasit (summoned), a white imp (summoned), a
shadow imp (summoned) and 2 kobolds.

Vanquished Creatures
  Prince Ribbit (D:7)
  Grinder (D:4)
  A shadow (D:9)
  A water moccasin (D:7)
  Duvessa (D:4)
  2 black bears
  A sky beast (D:7)
  An orc warrior (D:7)
  4 ogres
  2 centaurs
  2 phantoms
  3 kobold brigands
  4 bullfrogs
  A scorpion (D:6)
  8 wights
  Dowan (D:4)
  A howler monkey (D:4)
  3 hounds
  A jelly (D:7)
  A gnoll bouda (D:6)
  5 orc priests
  2 sleepcaps
  7 iguanas
  10 orc wizards
  5 gnolls
  11 adders
  A white imp (D:7)
  2 ufetubi (D:5)
  2 worms
  2 dart slugs
  31 orcs
  6 bats
  7 endoplasms
  4 giant cockroaches
  7 hobgoblins
  2 jackals
  21 kobolds
  A quokka (D:4)
  6 ball pythons
  3 frilled lizards
  8 goblins
  5 rats
  A spectral orc (D:7)
189 creatures vanquished.

Notes
Turn   | Place    | Note
-------+----------+-------------------------------------------
     0 | D:1      | BinkBink the Minotaur Monk began the quest for the Orb.
     0 | D:1      | Reached XP level 1. HP: 19/19 MP: 0/0
   180 | D:1      | Reached skill level 4 in Axes
   180 | D:1      | Reached XP level 2. HP: 27/27 MP: 1/1
   734 | D:2      | Found a faded altar of an unknown god.
   772 | D:2      | Found a shadowy altar of Dithmenos.
   808 | D:2      | Reached XP level 3. HP: 30/33 MP: 2/2
  1486 | D:2      | Reached XP level 4. HP: 40/40 MP: 3/3
  1489 | D:2      | Reached skill level 5 in Axes
  2248 | D:4      | Noticed a phantom
  2256 | D:4      | Killed a phantom
  2257 | D:4      | Reached XP level 5. HP: 47/47 MP: 4/4
  2268 | D:4      | Reached skill level 6 in Axes
  2286 | D:4      | Reached skill level 5 in Fighting
  2391 | D:4      | Reached XP level 6. HP: 42/56 MP: 5/5
  2867 | D:4      | Noticed Duvessa
  2868 | D:4      | Noticed Dowan
  2899 | D:4      | Killed Duvessa
  2900 | D:4      | Reached skill level 7 in Axes
  2900 | D:4      | Reached skill level 5 in Dodging
  2900 | D:4      | Reached XP level 7. HP: 20/62 MP: 6/6
  3049 | D:4      | Killed Dowan
  3224 | D:4      | Noticed Grinder
  3238 | D:4      | Paralysed by Grinder for 4 turns
  3245 | D:4      | Killed Grinder
  3246 | D:4      | Reached skill level 8 in Axes
  3956 | D:5      | Entered Level 5 of the Dungeon
  3984 | D:5      | Found Imi Gau's Distillery.
  4015 | D:5      | Reached XP level 8. HP: 44/71 MP: 7/7
  4234 | D:5      | Found a staircase to the Ecumenical Temple.
  4271 | D:5      | Reached skill level 9 in Axes
  4581 | Temple   | Entered the Ecumenical Temple
  4590 | Temple   | Became a worshipper of Trog the Wrathful
  4590 | Temple   | Reached * piety under Trog
  4590 | Temple   | Reached ** piety under Trog
  4670 | D:5      | Bought a potion of heal wounds for 65 gold pieces
  4670 | D:5      | Bought a potion of heal wounds for 65 gold pieces
  5142 | D:6      | Found Ytricval's Book Boutique.
  5328 | D:6      | Reached skill level 10 in Axes
  5472 | D:6      | Identified the +3 falchion "Jafacom" {chaos, MP+9 Dex-2
                  | SInv}
  6069 | D:7      | Reached XP level 9. HP: 75/81 MP: 8/8
  6400 | D:7      | Found an ancient bone altar of Kikubaaqudgha.
  7070 | D:7      | Noticed Prince Ribbit
  7091 | D:7      | Killed Prince Ribbit
  7092 | D:7      | Reached skill level 11 in Axes
  7477 | D:7      | Found a basalt altar of Yredelemnul.
  8155 | D:8      | Found a faded altar of an unknown god.
  8155 | D:8      | Found a hazy altar of Hepliaklqana.
  8160 | D:8      | Found a faded altar of an unknown god.
  8733 | D:8      | Found a radiant altar of Vehumet.
  8744 | D:8      | Reached skill level 12 in Axes
  8908 | D:8      | Reached *** piety under Trog
  8970 | D:8      | Found a blossoming altar of Fedhas.
  9394 | D:9      | Noticed a kobold demonologist
  9426 | D:9      | Noticed a kobold demonologist
  9428 | D:9      | Noticed a rust devil
  9429 | D:9      | Reached XP level 10. HP: 91/91 MP: 9/9
  9445 | D:9      | Noticed a sun demon
  9450 | D:9      | HP: 6/136 [sun demon[a kobold demonologist] (26)]
  9450 | D:9      | Mangled by a sun demon

Illustrated notes

Levels and vault maps discovered:
D:1:      minmay_arrival_shattered_statue, layout_basic
D:2:      layout_loops_cross, nicolae_ecumenical_oubliette, basic_altar,
          dk_noncrumbling_2, minmay_fractal_squares_gapless_5
D:3:      layout_rooms
D:4:      minmay_door_path, layout_basic, nicolae_ossuary_entry_monument,
          uniq_grinder, uniq_duvessa
D:5:      wad_pebble_path, layout_loops_ring, temple_fountains, serial_shops,
          nicolae_shop_tiny_waterfront
D:6:      layout_basic, serial_shops, shop, kennysheep_small_square
D:7:      layout_basic, mainiacjoe_overflow_24_doors,
          yredelemnul_forgotten_temple_becter, uniq_prince_ribbit1
D:8:      layout_gridville, general_overflow_altar, mainiacjoe_overflow_paths,
          nicolae_hepliaklqana_ecumenical_no_more
D:9:      layout_basic
Temple:   eino_temple_lava

Skill      XL: |  1  2  3  4  5  6  7  8  9 |
---------------+----------------------------+-----
Axes           | 4 5 6 7 8 10 12 | 12.6
Fighting       | 4 5 6 7 9 |  9.4
Dodging        | 4 5 6 7 8 |  8.6

Action                     |  1- 3 |  4- 6 |  7- 9 | 10-12 || total
---------------------------+-------+-------+-------+-------++-------
  Melee: Hand axe          |    61 |   107 |   282 |       ||   450
         Headbutt          |    13 |    28 |    94 |     3 ||   138
         Battleaxe         |       |       |    56 |    20 ||    76
 Invoke: Trog's Hand       |       |       |     1 |     1 ||     2
         Berserk           |       |       |       |     1 ||     1
    Use: Potion            |       |       |     8 |       ||     8
         Scroll            |       |       |    10 |       ||    10
 Armour: Robe              |    25 |    48 |   178 |    17 ||   268
  Dodge: Dodged            |    32 |    55 |   222 |     9 ||   318

Table legend: (Time is in decaauts)
 A = Elapsed time spent in this place.
 B = Non-inter-level travel time spent in this place.
 C = Inter-level travel time spent in this place.
 D = Time resting spent in this place.
 E = Time spent auto-exploring this place.
 F = Levels seen in this place.
 G = Mean time per level.
                   A        B        C        D        E       F      G
               +--------+--------+--------+--------+--------+-----+--------+
         Total |   9455 |   9186 |    269 |   1395 |   6408 |  10 |  945.5 |
       Dungeon |   9436 |   9183 |    253 |   1395 |   6408 |   9 | 1048.4 |
        Temple |     18 |      2 |     16 |      0 |      0 |   1 |   18.0 |
               +--------+--------+--------+--------+--------+-----+--------+

Top non-repeatable levels by time:
     D:7: 1974 daAuts
     D:4: 1601 daAuts
     D:8: 1239 daAuts
     D:6: 989 daAuts
     D:5: 985 daAuts
     D:2: 930 daAuts
     D:3: 832 daAuts
     D:1: 736 daAuts
     D:9: 147 daAuts
  Temple: 18 daAuts
